 Dungeon Crawl Stone Soup version 0.21.0-3-g78d12a8 (webtiles) character file.

5749 tsouns the Basher (level 11, -2/86 HPs)
             Began as a Formicid Summoner on Jan 12, 2018.
             Was a High Priest of Okawaru.
             Slain by Grum
             ... wielding a +0 spear of flaming
              (14 damage)
             ... on level 8 of the Dungeon.
             The game lasted 00:38:56 (9467 turns).

tsouns the Basher (Formicid Summoner)               Turns: 9467, Time: 00:38:57

Health: -2/86      AC:  7    Str: 16    XL:     11   Next: 5%
Magic:  11/17      EV: 12    Int: 24    God:    Okawaru [*****.]
Gold:   365        SH:  0    Dex: 11    Spells: 1/18 levels left

rFire    . . .     SeeInvis +   a - +8 mace "Vepp" {crush, rPois Int+5}
rCold    . . .     Gourm    .   (no shield)
rNeg     . . .     Faith    .   A - +2 robe {MR+}
rPois    +         Spirit   .   (helmet unavailable)
rElec    .         Reflect  .   F - +0 cloak (curse)
rCorr    +         Harm     .   e - +1 pair of gloves
MR       ++...                  (no boots)
Stlth    ++........             (no amulet)
HPRegen  0.24/turn              p - ring of resist corrosion
MPRegen  0.15/turn              C - +4 ring of strength

@: no status effects
A: permanent stasis, dig shafts and tunnels, four strong arms, antennae 3
a: Dig, Shaft Self, Heroism, Finesse, Renounce Religion


You were on level 8 of the Dungeon.
You worshipped Okawaru.
Okawaru was extremely pleased with you.
You were not hungry.

You visited 1 branch of the dungeon, and saw 8 of its levels.

You collected 490 gold pieces.
You spent 125 gold pieces at shops.

Inventory:

Hand Weapons
 a - the +8 mace "Vepp" (weapon) {crush, rPois Int+5}
   (You took it off an orc wizard on level 5 of the Dungeon)

   It inflicts extra damage upon your enemies.
   It affects your intelligence (+5).
   It protects you from poison.
 l - a +0 spear
 s - a +1 mace of holy wrath
 E - a +0 blowgun
Missiles
 x - 6 curare-tipped needles
Armour
 e - a +1 pair of gloves (worn)
 t - a +2 leather armour of fire resistance
 A - a +2 robe of magic resistance (worn)
 B - a +3 leather armour of cold resistance
 F - a cursed +0 cloak (worn)
 G - a scarf of repulsion
Jewellery
 p - a ring of resist corrosion (left hand)
 C - a +4 ring of strength (right hand)
Wands
 d - a wand of iceblast (23)
 g - a wand of disintegration (19)
 j - a wand of acid (9)
 n - a wand of clouds (4)
 u - a wand of polymorph (22)
 D - a wand of paralysis (17)
 I - a wand of random effects (30)
Scrolls
 f - 2 scrolls of remove curse
 o - 3 scrolls of amnesia
 v - a scroll of blinking {unknown}
 y - a scroll of enchant armour {unknown}
 z - a scroll of fear {unknown}
 H - a scroll of immolation
 N - a scroll of summoning {unknown}
Potions
 h - 3 potions of agility
 i - 3 potions of flight
 k - a potion of might
 m - a potion of curing
 q - 3 potions of brilliance
 r - a potion of ambrosia
 w - 4 potions of lignification {unknown}
 J - a potion of invisibility {unknown}
 K - a potion of haste {unknown}
Books
 b - a book of Callings

   Spells                             Type                      Level
   a - Summon Small Mammal            Summoning                    1
   b - Call Imp                       Summoning                    2
   c - Call Canine Familiar           Summoning                    3
   d - Summon Guardian Golem          Hexes/Summoning              3
   e - Summon Lightning Spire         Summoning/Air                4
   f - Summon Ice Beast               Ice/Summoning                4
 M - a book of Geomancy

   Spells                             Type                      Level
   a - Sandblast                      Earth                        1
   b - Passwall                       Transmutation/Earth          2
   c - Stone Arrow                    Conjuration/Earth            3
   d - Petrify                        Transmutation/Earth          4
   e - Lee's Rapid Deconstruction     Earth                        5
Comestibles
 c - 13 rations
 L - 8 chunks of flesh


   Skills:
 + Level 7.8 Fighting
 * Level 8.0 Maces & Flails
 - Level 5.8 Polearms
 - Level 1.7 Dodging
 - Level 3.0 Stealth
 - Level 4.0 Spellcasting
 - Level 7.4 Summonings
 + Level 5.7 Invocations
 + Level 4.6 Evocations


You had one spell level left.
You knew the following spells:

 Your Spells              Type           Power        Failure   Level  Hunger
a - Summon Small Mammal   Summ           ####         1%          1    None
b - Call Imp              Summ           #####...     1%          2    #......
c - Call Canine Familiar  Summ           #####...     1%          3    ##.....
d - Summon Guardian Gole  Hex/Summ       ###.....     6%          3    ##.....
e - Summon Ice Beast      Ice/Summ       ###.....     22%         4    ####...
f - Summon Lightning Spi  Summ/Air       ###.....     22%         4    ####...


Dungeon Overview and Level Annotations

Branches:
Dungeon (8/15)             Temple (0/1) D:7
   Lair: D:8-11

Altars:
Dithmenos
Elyvilon
Hepliaklqana
Nemelex Xobeh
Okawaru
Qazlal
Uskayaw
Zin
The Shining One

Shops:
D:7 [

Annotations:
D:8 Grum


Innate Abilities, Weirdness & Mutations

You cannot be hasted, slowed, berserked, paralysed or teleported.
You can dig through walls and to a lower floor.
Your four strong arms can wield two-handed weapons with a shield.
You have a pair of large antennae on your head. (SInv)


Message History

The wolf closely misses you.
You barely miss the wolf.
The wolf is heavily wounded.
The wolf closely misses you.
You closely miss the wolf.
The wolf is heavily wounded.
The wolf closely misses you.
Evoke which item? (* to show all) (? for menu, Esc to quit)
Aiming: Corrosive Bolt
Press: ? - help, Shift-Dir - straight line, f - Grum
Aim: Grum, wielding a spear of flaming and wearing an animal skin The bolt of acid misses Grum.
Evoke which item? (* to show all) (? for menu, Esc to quit)
Aiming: Corrosive Bolt
Press: ? - help, Shift-Dir - straight line, f/p - Grum
Aim: Grum, wielding a spear of flaming and wearing an animal skin The bolt of acid hits Grum.
Grum is splashed with acid.
The acid corrodes Grum!
Grum is heavily wounded.
Grum hits you with a spear of flaming!
You die...

{ .....#....#..## { {
#.....#....#...#
#+####....(#....#...#
#########....(..........'..##
#.......#.h.{.##.# ##.##.#.#. {
#.......'.8h5##.#.##.##.#.#..
#.......#.W{h#..#....#.5.##..
...........#####g##..#...5##.#..
................@#.#........##.#.
.....#######.....##.......5..##..
.....#.....#.....#.##....).#.#.#.
######.....#.....#..........#.#..
........####.#.#.#...##....#..
..........5...#.##..h.#...##..
.............#..#..#.....#.#..
.##.....##....##.#..#.....#...
########....#.#...##.#..##..


You could see Grum.

Vanquished Creatures
  A queen ant (D:8)
  Grinder (D:4)
  Eustachio (D:5)
  Menkaure (D:5)
  7 soldier ants (D:8)
  A water moccasin (D:6)
  Duvessa (D:5)
  A sky beast (D:6)
  A phantom (D:7)
  2 black bears
  2 ice beasts
  2 ogres
  A centaur (D:7)
  A big kobold (D:7)
  3 bullfrogs
  2 scorpions
  2 killer bees (D:7)
  A howler monkey (D:6)
  A centaur zombie (D:7)
  A quasit (D:8)
  2 bullfrog skeletons
  3 jellies
  Crazy Yiuf (D:7)
  2 orc priests
  2 hounds
  4 orc wizards
  An iguana (D:6)
  19 worker ants
  A worker ant zombie (D:7)
  2 gnolls
  2 adders
  An adder zombie (D:7)
  2 dart slugs
  7 leopard geckos
  3 orcs
  2 ball pythons (D:1)
  8 giant cockroaches
  7 goblins
  3 hobgoblins
  9 jackals
  7 kobolds
  7 quokkas
  A bat (D:3)
  4 frilled lizards
  9 rats
  A butterfly (D:6)
143 creatures vanquished.

Vanquished Creatures (collateral kills)
  A two-headed ogre (D:8)
  Pikel (D:5)
  4 ogres
  A phantom (D:4)
  A wolf (D:8)
  Blork the orc (D:5)
  3 killer bees
  3 hounds
  2 orc priests
  3 orc wizards
  3 iguanas
  11 worker ants
  A howler monkey zombie (D:5)
  2 gnolls (D:6)
  4 adders
  A river rat (D:4)
  A worm (D:3)
  5 leopard geckos
  11 orcs
  2 bats (D:1)
  2 giant cockroaches (D:1)
  3 goblins
  4 hobgoblins
  2 jackals
  A frilled lizard (D:4)
  A giant cockroach zombie (D:5)
  A quokka zombie (D:5)
  A rat (D:2)
  A butterfly (D:6)
77 creatures vanquished.

Vanquished Creatures (others)
  Dowan (D:5)
  A killer bee (D:7)
  A quokka zombie (D:5)
3 creatures vanquished.

Grand Total: 223 creatures vanquished

Notes
Turn   | Place    | Note
-------+----------+-------------------------------------------
     0 | D:1      | tsouns the Formicid Summoner began the quest for the Orb.
     0 | D:1      | Reached XP level 1. HP: 13/13 MP: 3/3
   335 | D:1      | Reached XP level 2. HP: 11/20 MP: 1/5
   595 | D:1      | Reached skill level 1 in Fighting
   845 | D:1      | Reached XP level 3. HP: 10/26 MP: 2/6
   849 | D:1      | Learned a level 2 spell: Call Imp
   853 | D:1      | Learned a level 3 spell: Call Canine Familiar
  1864 | D:2      | Reached XP level 4. HP: 30/32 MP: 1/8
  1884 | D:2      | Found an iron altar of Okawaru.
  1899 | D:2      | Became a worshipper of Warmaster Okawaru
  2039 | D:2      | Reached skill level 1 in Polearms
  2238 | D:3      | Found a glowing golden altar of the Shining One.
  2611 | D:3      | Learned a level 3 spell: Summon Guardian Golem
  2674 | D:3      | Reached XP level 5. HP: 38/38 MP: 6/9
  2791 | D:4      | Found a hide-covered altar of Uskayaw.
  3533 | D:4      | Noticed an ogre
  3576 | D:4      | Reached * piety under Okawaru
  3576 | D:4      | Reached XP level 6. HP: 39/46 MP: 10/10
  3603 | D:4      | Killed an ogre
  3713 | D:4      | Found a shadowy altar of Dithmenos.
  4031 | D:4      | Noticed an ogre
  4041 | D:4      | Killed an ogre
  4041 | D:4      | Reached skill level 5 in Summonings
  4048 | D:4      | Reached ** piety under Okawaru
  4051 | D:4      | Reached XP level 7. HP: 51/52 MP: 3/12
  4193 | D:5      | Entered Level 5 of the Dungeon
  4275 | D:5      | Noticed Duvessa
  4280 | D:5      | Noticed Dowan
  4453 | D:5      | Noticed Grinder
  4786 | D:4      | Killed Grinder
  4786 | D:4      | Reached *** piety under Okawaru
  4983 | D:5      | Reached XP level 8. HP: 53/60 MP: 7/13
  5021 | D:5      | Noticed Pikel
  5064 | D:5      | Killed Pikel
  5064 | D:5      | Reached skill level 5 in Polearms
  5065 | D:5      | Killed Dowan
  5105 | D:5      | Learned a level 4 spell: Summon Ice Beast
  5143 | D:5      | Reached **** piety under Okawaru
  5152 | D:5      | Got a steaming mace {crush}
  5153 | D:5      | Identified the +8 mace "Vepp" {crush, rPois Int+5} (You took it off an orc wizard on level 5 of the Dungeon)
  5185 | D:5      | Noticed Blork the orc
  5193 | D:5      | Killed Blork the orc
  5213 | D:5      | Killed Duvessa
  5395 | D:5      | Noticed Eustachio
  5406 | D:5      | Killed Eustachio
  5406 | D:5      | Reached skill level 1 in Maces & Flails
  5452 | D:5      | Found a white marble altar of Elyvilon.
  5474 | D:5      | Noticed Menkaure
  5482 | D:5      | Killed Menkaure
  5482 | D:5      | Reached skill level 5 in Fighting
  5482 | D:5      | Reached skill level 2 in Maces & Flails
  5482 | D:5      | Reached XP level 9. HP: 42/68 MP: 5/14
  5518 | D:5      | Found a stormy altar of Qazlal.
  5913 | D:6      | Reached skill level 3 in Maces & Flails
  5925 | D:6      | Found a hazy altar of Hepliaklqana.
  5927 | D:6      | Found a sparkling altar of Nemelex Xobeh.
  5928 | D:6      | Found a glowing silver altar of Zin.
  6265 | D:6      | Found a runed door.
  6272 | D:6      | Found a runed door.
  6276 | D:6      | Reached skill level 4 in Maces & Flails
  6288 | D:6      | Reached ***** piety under Okawaru
  6824 | D:7      | Reached skill level 5 in Maces & Flails
  6839 | D:6      | Reached skill level 1 in Evocations
  7158 | D:7      | Found Uckanil's Antique Armour Shoppe.
  7169 | D:7      | Bought a wizard robe for 125 gold pieces
  7179 | D:7      | Identified the cursed +0 robe "Facrow" {*Slow +Fly rCorr} (You bought it in a shop on level 7 of the Dungeon)
  7343 | D:7      | Reached XP level 10. HP: 76/77 MP: 15/15
  7382 | D:7      | Received a gift from Okawaru
  7447 | D:7      | Learned a level 4 spell: Summon Lightning Spire
  7832 | D:7      | Reached skill level 6 in Maces & Flails
  7928 | D:7      | Found a staircase to the Ecumenical Temple.
  8278 | D:7      | Found a runed door.
  8282 | D:7      | Noticed Crazy Yiuf
  8283 | D:7      | Killed Crazy Yiuf
  8467 | D:8      | Noticed a two-headed ogre
  8482 | D:8      | Killed a two-headed ogre
  8961 | D:8      | Noticed a queen ant
  8970 | D:8      | Reached skill level 7 in Maces & Flails
  8977 | D:8      | Reached skill level 5 in Invocations
  8988 | D:8      | Killed a queen ant
  8988 | D:8      | Received a gift from Okawaru
  8988 | D:8      | Reached XP level 11. HP: 8/85 MP: 17/17
  9349 | D:8      | Reached skill level 8 in Maces & Flails
  9438 | D:8      | Noticed Grum
  9467 | D:8      | Slain by Grum

Skill      XL: |  1  2  3  4  5  6  7  8  9 10 11 |
---------------+----------------------------------+-----
Fighting       | 1 2 3 4 5 6 7 |  7.8
Stealth        | 3 |  3.0
Polearms       | 1 2 3 4 5 |  5.8
Spellcasting   | 3 4 |  4.0
Summonings     | 5 6 7 |  7.4
Invocations    | 2 3 5 |  5.7
Maces & Flails | 2 5 7 8 |  8.0
Evocations     | 1 4 |  4.6
Dodging        | |  1.7

Action                   |  1- 3 |  4- 6 |  7- 9 | 10-12 || total
-------------------------+-------+-------+-------+-------++-------
Melee: Unarmed           |    22 |       |       |       ||    22
       Dagger            |    58 |       |       |       ||    58
       Spear             |    37 |   162 |   135 |       ||   334
       Punch             |       |       |     1 |       ||     1
       Mace              |       |       |   117 |   145 ||   262
 Cast: Summon Small Mamm |    30 |     7 |     2 |     1 ||    40
       Call Imp          |     3 |    19 |    29 |     5 ||    56
       Call Canine Famil |       |     6 |    13 |     5 ||    24
       Summon Guardian G |       |     2 |    12 |     4 ||    18
Invok: Heroism           |       |       |     1 |       ||     1
 Abil: Dig               |       |       |       |     1 ||     1
Evoke: Wand              |       |       |     4 |     6 ||    10
  Use: Scroll            |     3 |     6 |     4 |     1 ||    14
       Potion            |     1 |     1 |     2 |     2 ||     6
 Stab: Distracted        |     1 |     1 |     4 |     1 ||     7
       Sleeping          |     5 |     5 |     3 |     5 ||    18
  Eat: Chunk             |     4 |     9 |     9 |     9 ||    31
       Ration            |       |       |     1 |       ||     1
Armor: Robe              |    21 |     8 |    36 |    53 ||   118
       Leather armour    |       |    27 |    42 |       ||    69
Dodge: Dodged            |    91 |    90 |   158 |   104 ||   443
